 Dungeon Crawl Stone Soup version 0.29-a0-1009-g60c99734e7 (webtiles) character file.

Game seed: 8264145828034596467

339 ders the Digger (level 6, -6/32 HPs)
             Began as a Gargoyle Earth Elementalist on Aug 8, 2022.
             Mangled by a gnoll sergeant
             ... wielding a +5 antimagic trident
              (12 damage)
             ... on level 5 of the Dungeon.
             The game lasted 00:04:48 (3519 turns).

ders the Digger (Gargoyle Earth Elementalist)       Turns: 3519, Time: 00:04:48

Health: -6/32      AC:  7    Str: 12    XL:     6   Next: 55%
Magic:  0/11       EV: 11    Int: 17    God:
Gold:   201        SH:  0    Dex: 10    Spells: 8/12 levels left

rFire   . . .      SeeInvis .   (no weapon)
rCold   . . .      Faith    .   (no shield)
rNeg    + . .      Spirit   .   a - +0 robe
rPois   ∞          Reflect  .   (no helmet)
rElec   +          Harm     .   (no cloak)
rCorr   .          Rampage  .   q - +0 pair of gloves
Will    .....                   (no boots)
Stlth   ++........              (no amulet)
HPRegen 0.10/turn               (no ring)
MPRegen 0.12/turn               (no ring)

@: very slightly contaminated
A: sickness immunity, AC +4, negative energy resistance 1, electricity
resistance, torment resistance 1, petrification resistance
a: no special abilities


You were on level 5 of the Dungeon.
You visited 1 branch of the dungeon, and saw 5 of its levels.

You collected 201 gold pieces.

Inventory:

Armour
 a - a +0 robe (worn)
 q - a +0 pair of gloves (worn)
Jewellery
 c - an amulet of guardian spirit
 g - a ring of ice
 p - a ring of protection from cold
Scrolls
 b - 2 scrolls of noise {unknown}
 d - 2 scrolls of identify {unknown}
 f - a scroll of magic mapping
 h - a scroll of fog
 i - a scroll of enchant weapon
 k - a scroll of amnesia {unknown}
 l - a scroll of torment {unknown}
 m - a scroll of enchant armour {unknown}
 o - 2 scrolls of poison {unknown}
 u - a scroll of blinking {unknown}
Potions
 e - a potion of curing {unknown}
 j - a potion of berserk rage {unknown}
 n - 2 potions of mutation {unknown}
 s - a potion of brilliance {unknown}
 t - a potion of degeneration {unknown}


   Skills:
 - Level 1.5 Dodging
 - Level 2.1 Stealth
 + Level 3.8 Spellcasting
 + Level 3.0 Transmutations
 + Level 5.7 Earth Magic


You had 8 spell levels left.
You knew the following spells:

 Your Spells              Type           Power      Damage    Failure   Level
a - Sandblast             Erth           44%        2d11      1%          1
b - Stone Arrow           Conj/Erth      26%        3d8       14%         3

Your spell library contained the following spells:

 Spells                   Type           Power      Damage    Failure   Level
 Passwall                 Tmut/Erth      15%        N/A       4%          2
 Petrify                  Tmut/Erth      18%        N/A       26%         4
 Gell's Gravitas          Tloc           3%         N/A       43%         3
 Lesser Beckoning         Tloc           3%         N/A       43%         3
 Summon Guardian Golem    Hex/Summ       3%         N/A       43%         3
 Teleport Other           Tloc           3%         N/A       43%         3
 Orb of Destruction       Conj           1%         9d5       100%        7
 Spellforged Servitor     Conj/Summ      1%         N/A       100%        7


Dungeon Overview and Level Annotations

Branches:
Dungeon (5/15)             Temple (0/1) D:5

Altars:
Gozag
Qazlal
Uskayaw
The Shining One

Shops:
D:4 =

Annotations:
D:4 Sigmund


Innate Abilities, Weirdness & Mutations

You are immune to sickness and miasma.
Your stone body is resilient. (AC +4)
You are immune to poison.
You resist negative energy. (rN+)
You are resistant to electric shocks. (rElec)
You are resistant to unholy torment.
You are immune to petrification.


Message History

Aim: a gnoll, wielding a +0 flail (85% to hit)
The blast of sand misses the gnoll.
The gnoll sergeant hits you from afar with a +5 antimagic trident!
* * * LOW HITPOINT WARNING * * *
You feel your power leaking away.
A gnoll comes into view. It is wielding a +0 club.
The gnoll hits you but does no damage. The gnoll sergeant misses you.
A gnoll comes into view. It is wielding a +0 spear.
The gnoll closely misses you.
The gnoll hits you from afar with a +0 spear.
* * * LOW HITPOINT WARNING * * *
Unknown command.
Casting: Sandblast (safe; 1% risk of failure)
Confirm with . or Enter, or press ? or * to list all spells.
You don't have enough magic to cast this spell.
As you read the scroll labelled PUICEA ROFU, it crumbles to dust.
It is a scroll of enchant weapon.
You aren't carrying any weapons that can be enchanted.
The gnoll sergeant closely misses you. The gnoll closely misses you.
The gnoll hits you with a +0 flail.
* * * LOW HITPOINT WARNING * * *
Okay, then.
It was a potion of heal wounds.
You feel much better.
The gnoll sergeant hits you from afar with a +5 antimagic trident!
The gnoll closely misses you. The gnoll hits you with a +0 flail.
You feel much better.
The gnoll sergeant hits you from afar with a +5 antimagic trident.
The gnoll hits you from afar with a +0 spear.
The gnoll closely misses you.
As you read the scroll labelled SERAXTEBIA, it crumbles to dust.
The scroll dissolves into smoke.
It was a scroll of fog.
The gnoll sergeant hits you from afar with a +5 antimagic trident!
The gnoll hits you from afar with a +0 spear.
The gnoll hits you with a +0 flail.
* * * LOW HITPOINT WARNING * * *
As you read the scroll labelled TOFALIBISS, it crumbles to dust.
You feel aware of your surroundings.
You sensed 1 altar.
It was a scroll of magic mapping.
The gnoll sergeant hits you from afar with a +5 antimagic trident!
You die...

**,,.......<.......,,,,,,,,,,,,,,
**,........#######**,,,,,,,,,,,,
**,.####...## ****,,,#**,,, *,,,*
##...# *,,..,,,,, *,,** ##..##
**,...,,,,, **,,* #...#
*,....,,,,, *,,** ##..##
#####.....,,,,, *,,*
##.§####.........,,,,, ,,**
#.§§@§gg........,**** ,,*
#.§§g§g.g.......***** ,,**
#..##########.#.*,*,* *,,* #..#
*,,,,,,,,, *,,** #..#**
**,,,,,,,* ,,,,*
*#...,*******,,,,,,,,, ,,,,**
**....,,,,,,,,*,,,,>,,* ,,,,,**
**.....,,,,,,,,,,,,,,,,,
,,,,,,****,,,*****,,,,,,*,,,,,,,*


You could see a gnoll sergeant and 2 gnolls.

Vanquished Creatures
  A necrophage (D:4)
  A jelly (D:4)
  An orc priest (D:3)
  An iguana (D:5)
  2 orc wizards
  5 adders
  A gnoll (D:5)
  2 worms
  3 dart slugs
  8 orcs
  3 endoplasms (D:1)
  5 giant cockroaches
  11 goblins
  6 hobgoblins
  2 jackals (D:1)
  6 kobolds
  A quokka (D:1)
  2 ball pythons
  5 bats
  2 frilled lizards
  6 rats (D:1)
74 creatures vanquished.

Vanquished Creatures (others)
  6 demonic plants (D:4)
6 creatures vanquished.

Grand Total: 80 creatures vanquished

Notes
Turn   | Place    | Note
-------+----------+-------------------------------------------
     0 | D:1      | ders the Gargoyle Earth Elementalist began the quest for
                  | the Orb.
     0 | D:1      | Reached XP level 1. HP: 10/10 MP: 3/3
   193 | D:1      | Reached skill level 1 in Transmutations
   250 | D:1      | Reached XP level 2. HP: 15/15 MP: 3/5
   348 | D:1      | Reached skill level 4 in Earth Magic
   599 | D:1      | Reached XP level 3. HP: 19/19 MP: 4/6
   883 | D:1      | Found a faded altar of an unknown god.
  1847 | D:3      | Found a hide-covered altar of Uskayaw.
  1895 | D:3      | Reached XP level 4. HP: 24/24 MP: 5/8
  2123 | D:3      | Noticed a +0 hand axe
  2124 | D:3      | Noticed a +0 dagger
  2186 | D:3      | Found an opulent altar of Gozag.
  2468 | D:3      | Reached XP level 5. HP: 28/28 MP: 5/9
  2764 | D:4      | Found a stormy altar of Qazlal.
  2768 | D:4      | Reached skill level 5 in Earth Magic
  2856 | D:3      | Learned a level 3 spell: Stone Arrow
  2971 | D:4      | Found a glowing golden altar of the Shining One.
  3084 | D:4      | Reached XP level 6. HP: 32/32 MP: 9/11
  3252 | D:4      | Found Ynaeruxa's One-of-a-Kind Rings.
  3312 | D:4      | Noticed Sigmund
  3324 | D:5      | Entered Level 5 of the Dungeon
  3515 | D:5      | HP: 1/32 [gnoll/+0 flail[a gnoll sergeant] (3)]
  3519 | D:5      | Mangled by a gnoll sergeant

Illustrated notes

Levels and vault maps discovered:
D:1:      dpeg_arrival_subterranean_lakeside_camping, layout_basic,
          ebering_ecumenical_altar_hall, chequers_serial_rivers_small_a
D:2:      layout_loops_cross
D:3:      layout_basic, dancing_weapons_uskayaw, amcnicky_altar_gilded
D:4:      layout_basic, nicolae_tso_swordbearing_angel, lemuel_round_altar,
          nicolae_shop_unique_rings, hangedman_decor_clover_reticule,
          dreamdust_princess_corridor, uniq_sigmund
D:5:      layout_layer_cave, kennysheep_mini_moat,
          minmay_temple_entry_water_ring, st_stairs_4

Skill      XL: |  1  2  3  4  5  6 |
---------------+-------------------+-----
Transmutations | 1 2 3 |  3.0
Earth Magic    | 4 5 |  5.7
Spellcasting   | 3 |  3.8
Dodging        | |  1.5
Stealth        | |  2.1

Action                   |  1- 3 |  4- 6 || total
-------------------------+-------+-------++-------
Melee: Unarmed           |    12 |       ||    12
 Cast: Sandblast         |    59 |    64 ||   123
       Stone Arrow       |       |     2 ||     2
  Use: Potion            |       |     3 ||     3
       Scroll            |       |     3 ||     3
Armor: Robe              |    10 |    25 ||    35
Dodge: Dodged            |    24 |    43 ||    67

Table legend: (Time is in decaauts)
 A = Elapsed time spent in this place.
 B = Non-inter-level travel time spent in this place.
 C = Inter-level travel time spent in this place.
 D = Time resting spent in this place.
 E = Time spent auto-exploring this place.
 F = Levels seen in this place.
 G = Mean time per level.
                   A        B        C        D        E       F      G
               +--------+--------+--------+--------+--------+-----+--------+
         Total |   3642 |   3559 |     83 |    398 |   2641 |   5 |  728.4 |
       Dungeon |   3642 |   3559 |     83 |    398 |   2641 |   5 |  728.4 |
               +--------+--------+--------+--------+--------+-----+--------+

Top non-repeatable levels by time:
     D:1: 1177 daAuts
     D:3: 1039 daAuts
     D:2: 726 daAuts
     D:4: 500 daAuts
     D:5: 198 daAuts
